AoeStats
← roman_wielki

Lombardia

507460621Analyzed
3v3 RM · 12d ago on Sep 18, 2026· 48m 40s· 6 players
Game mode
Random Map
Map size
Normal (6 player)
Population
200
Speed
Normal
Resources
Standard
Victory
Conquest
Starting age
Dark Age
Ending age
Imperial Age
RankedLock teamsTeams togetherTeam positionsShared explorationLock speedFull tech treeHidden civsTurbo modeCheats
Victory
Defeat
🇬🇧 Magyars · United Kingdom
623
+14
🇷🇴 Japanese · Romania
614
+14
🇮🇹 Mongols · Italy
613
+14
🇧🇷 Malians · Brazil
619
-16
🇵🇱 Spanish · Poland
550
-13
🇬🇧 Franks · United Kingdom
545
-13
deano earlhs
0:33 Loom
11:22 Feudal Age
13:05 Double-Bit Axe
14:34 Wheelbarrow
17:53 Horse Collar
26:51 Castle Age
28:20 Bow Saw
29:58 Hand Cart
31:38 Padded Archer Armor
31:44 Scale Barding Armor
31:30 Fletching
32:01 Husbandry
32:12 Bloodlines
32:30 Heavy Plow
33:50 Thumb Ring
33:06 Crossbowman
35:19 Chain Barding Armor
35:15 Leather Archer Armor
36:30 Stone Mining
36:30 Gold Mining
37:30 Corvinian Army
38:09 Heated Shot
41:52 Imperial Age
39:16 Treadmill Crane
39:57 Ballistics
41:12 Caravan
42:40 Elite Magyar Huszar
43:56 Hoardings
43:22 Recurve Bow
43:51 Parthian Tactics
42:47 Heavy Cavalry Archer
45:19 Chemistry
44:31 Masonry
44:17 Murder Holes
45:42 Plate Barding Armor
45:38 Ring Archer Armor
justifie
10:46 Feudal Age
11:43 Horse Collar
15:42 Double-Bit Axe
20:52 Castle Age
23:24 Heavy Plow
23:38 Bow Saw
23:22 Stone Mining
23:25 Gold Mining
25:14 Caravan
26:59 Gold Shaft Mining
32:37 Wheelbarrow
31:50 Loom
32:40 Forging
32:30 Scale Mail Armor
32:35 Scale Barding Armor
32:31 Padded Archer Armor
32:21 Fletching
36:56 Imperial Age
35:46 Hand Cart
38:02 Kataparuto
37:03 Elite Samurai
38:45 Squires
38:37 Arson
40:56 Iron Casting
40:36 Chain Mail Armor
41:29 Chemistry
40:24 Treadmill Crane
40:58 Masonry
40:54 Siege Engineers
40:44 Murder Holes
41:00 Fortified Wall
41:14 Town Watch
45:17 Guard Tower
46:30 Chemistry
45:15 Arrowslits
45:52 Ballistics
48:21 Yasama
48:57 Hoardings
48:46 Conscription
Asdizio
3:29 Loom
11:24 Feudal Age
11:45 Horse Collar
11:56 Double-Bit Axe
12:16 Gold Mining
15:10 Stone Mining
19:38 Fletching
19:49 Padded Archer Armor
27:36 Castle Age
27:12 Scale Barding Armor
27:18 Forging
28:11 Bloodlines
32:37 Town Watch
34:03 Fortified Wall
35:38 Stone Shaft Mining
36:37 Wheelbarrow
36:41 Gold Shaft Mining
36:26 Bodkin Arrow
36:55 Ballistics
37:01 Caravan
38:22 Hand Cart
39:01 Heavy Plow
39:13 Bow Saw
39:19 Thumb Ring
40:25 Town Patrol
46:30 Imperial Age
44:22 Husbandry
43:44 Light Cavalry
45:01 Murder Holes
45:18 Masonry
45:42 Leather Archer Armor
47:20 Chain Barding Armor
47:57 Conscription
greninja88
0:31 Loom
15:50 Feudal Age
16:18 Double-Bit Axe
16:35 Gold Mining
16:39 Stone Mining
24:06 Castle Age
25:03 Bow Saw
24:25 Pikeman
25:08 Squires
26:29 Wheelbarrow
25:40 Town Watch
25:55 Fletching
26:15 Forging
26:13 Scale Barding Armor
28:22 Hand Cart
30:04 Husbandry
30:22 Fortified Wall
30:31 Bodkin Arrow
31:12 Iron Casting
30:59 Chain Barding Armor
30:40 Padded Archer Armor
37:49 Imperial Age
35:47 Ballistics
35:27 Murder Holes
35:41 Scale Mail Armor
39:39 Elite Skirmisher
39:49 Cavalier
41:32 Chemistry
41:39 Blast Furnace
41:16 Plate Barding Armor
40:58 Chain Mail Armor
41:04 Leather Archer Armor
41:07 Chain Mail Armor
42:40 Town Patrol
44:24 Conscription
47:33 Gold Shaft Mining
felipegaravaso
10:32 Feudal Age
12:14 Man-at-Arms
12:40 Arson
21:41 Castle Age
25:23 Wheelbarrow
24:33 Town Watch
25:03 Double-Bit Axe
30:14 Hand Cart
33:07 Imperial Age
33:17 Imperial Age
35:11 Bow Saw
34:57 Stone Mining
34:58 Gold Mining
37:43 Chemistry
39:28 Town Patrol
42:33 Elite Gbeto
roman_wielki
16:12 Feudal Age
16:15 Man-at-Arms
17:02 Double-Bit Axe
23:42 Stone Mining
25:56 Castle Age
28:07 Wheelbarrow
26:55 Long Swordsman
26:56 Pikeman
28:00 Gold Mining
28:52 Stone Shaft Mining
29:06 Hand Cart
38:41 Imperial Age
38:01 Scale Mail Armor
40:24 Two-Handed Swordsman
40:25 Halberdier
Connection lost

Rejoining the realm…

Still unreachable

The connection could not be restored.

Session expired

The server has moved on; the page needs a fresh start.